 Dungeon Crawl Stone Soup version 0.31-a0-1547-g618ab1f346 (webtiles) character file.

Game seed: 7946352599628103740

4229 Descartes the Earth Mage (level 10, -13/63 HPs)
             Began as a Formicid Earth Elementalist on Jan 2, 2024.
             Mangled by a death yak (24 damage)
             ... on level 7 of the Dungeon.
             The game lasted 00:13:56 (8101 turns).

Descartes the Earth Mage (FoEE)                     Turns: 8101, Time: 00:13:57

Health: -13/63     AC:  7    Str: 17    XL:     10   Next: 55%
Magic:  14/17      EV: 10    Int: 15    God:
Gold:   365        SH:  0    Dex: 14    Spells: 15/19 levels left

rFire   . . .        C - +3 dire flail
rCold   + . .        (no shield)
rNeg    . . .        c - +1 scale mail {rC+}
rPois   .            (helmet unavailable)
rElec   .            (no cloak)
rCorr   .            (no gloves)
SInv    +            (no boots)
Will    +....        (no amulet)
Stlth   +            (no ring)
HPRegen 0.30/turn    (no ring)
MPRegen 0.15/turn

%: no passive effects
@: no status effects
A: permanent stasis, dig shafts and tunnels, antennae 3, four strong arms
a: Dig, Shaft Self


You were on level 7 of the Dungeon.
You visited 2 branches of the dungeon, and saw 9 of its levels.

You collected 365 gold pieces.

Inventory:

Hand Weapons
 i - a +3 whip
 v - a +3 halberd
 C - a +3 dire flail (weapon)
Missiles
 p - 13 boomerangs
 r - 8 poisoned darts
 z - 2 curare-tipped darts
Armour
 c - a +1 scale mail of cold resistance (worn)
Magical Staves
 x - a staff of earth
Jewellery
 l - an amulet of faith
 y - a ring of wizardry
Wands
 B - a wand of paralysis (3)
 F - a wand of roots (3)
 H - a wand of flame (7)
Scrolls
 a - 2 scrolls of vulnerability {unknown}
 d - a scroll of noise {unknown}
 f - 3 scrolls of revelation {unknown}
 h - a scroll of fog {unknown}
 k - a scroll of fear {unknown}
 m - 5 scrolls of identify {unknown}
 o - a scroll of enchant weapon {unknown}
 q - 2 scrolls of enchant armour {unknown}
 s - 4 scrolls of teleportation {unknown}
 t - a scroll of acquirement {unknown}
 A - a scroll of torment {unknown}
 D - 2 scrolls of amnesia {unknown}
 E - a scroll of immolation {unknown}
 G - a scroll of poison {unknown}
Potions
 b - 4 potions of magic
 e - 4 potions of curing
 g - a potion of degeneration {unknown}
 j - 2 potions of lignification {unknown}
 n - a potion of heal wounds {unknown}
 u - 3 potions of brilliance {unknown}
 w - a potion of mutation {unknown}


   Skills:
 - Level 1.7 Dodging
 - Level 2.4 Stealth
 - Level 5.0 Spellcasting
 - Level 0.8 Conjurations
 + Level 16.5 Earth Magic


You had 15 spell levels left.
You knew the following spells:

 Your Spells              Type           Power      Damage    Failure   Level
a - Sandblast             Erth           100%       2d20      1%          1
b - Stone Arrow           Conj/Erth      58%        3d10      4%          3

Your spell library contained the following spells:

 Spells                   Type           Power      Damage    Failure   Level
 Passwall                 Erth           52%        N/A       1%          3
 Brom's Barrelling Bould  Conj/Erth      29%        2d5       17%         4
 Petrify                  Alch/Erth      28%        N/A       21%         4
 Sting                    Conj/Alch      20%        1d4       45%         1
 Apportation              Tloc           6%         N/A       52%         1
 Necrotise                Necr           12%        1d4       52%         1
 Summon Small Mammal      Summ           12%        N/A       52%         1
 Lesser Beckoning         Tloc           6%         N/A       65%         2
 Hailstorm                Conj/Ice       5%         3d5       83%         3
 Gell's Gravitas          Tloc           3%         N/A       87%         3
 Summon Ice Beast         Ice/Summ       3%         N/A       87%         3
 Teleport Other           Tloc           3%         N/A       87%         3
 Vampiric Draining        Necr           3%         2d6       87%         3
 Martyr's Knell           Necr/Summ      3%         N/A       99%         4
 Arcjolt                  Conj/Air       2%         1d12      100%        5
 Curse of Agony           Necr           3%         N/A       100%        5
 Plasma Beam              Fire/Air       1%         2x1d11    100%        6
 Sculpt Simulacrum        Ice/Alch       1%         N/A       100%        6
 Haunt                    Necr/Summ      1%         N/A       100%        7
 Borgnjor's Revivificati  Necr           1%         N/A       100%        8
 Death's Door             Necr           1%         N/A       100%        9
 Vhi's Electric Charge    Tloc/Air       Unusable   N/A       N/A         4

Dungeon Overview and Level Annotations

Branches:
Dungeon (8/15)             Temple (1/1) D:7            Lair (0/5) D:8

Altars:
Ashenzari
Cheibriados
Dithmenos
Elyvilon
Fedhas
Hepliaklqana
Nemelex Xobeh
Okawaru
Qazlal
Sif Muna
Trog
Uskayaw
Wu Jian
Xom
Yredelemnul
Zin
The Shining One

Shops:
D:6 ?[   D:8 :


Innate Abilities, Weirdness & Mutations

You cannot be hasted, slowed, berserked, paralysed or teleported.
You can dig through walls and to a lower floor.
You have a pair of large antennae on your head. (SInv)
Your four strong arms can wield two-handed weapons with a shield.


Message History

There is a stone staircase leading up here.
The death yak gores you!
You climb upwards.
There is a stone staircase leading down here.
Casting: Sandblast (safe; 1% risk of failure)
Confirm with . or Enter, or press ? or * to list all spells.
Aiming: Sandblast (safe; 1% risk of failure)
Press: ? - help, Shift-Dir - straight line, f - death yak
Aim: a death yak (lightly wounded, 95% to hit)
The blast of sand hits the death yak!!
The death yak is moderately wounded.
The death yak gores you.
Casting: Sandblast (safe; 1% risk of failure)
Confirm with . or Enter, or press ? or * to list all spells.
Aiming: Sandblast (safe; 1% risk of failure)
Press: ? - help, Shift-Dir - straight line, f/p - death yak
Aim: a death yak (moderately wounded, 95% to hit)
The blast of sand misses the death yak.
The death yak gores you!!
* * * LOW HITPOINT WARNING * * *
The death yak closely misses you.
Unknown command.
It was a potion of curing.
You feel better. The death yak misses you.
Casting: Sandblast (safe; 1% risk of failure)
Confirm with . or Enter, or press ? or * to list all spells.
Aiming: Sandblast (safe; 1% risk of failure)
Press: ? - help, Shift-Dir - straight line, f/p - death yak
Aim: a death yak (moderately wounded, 95% to hit)
The blast of sand hits the death yak but does no damage.
The death yak is moderately wounded.
The death yak gores you but does no damage.
Unknown command.
Casting: Sandblast (safe; 1% risk of failure)
Confirm with . or Enter, or press ? or * to list all spells.
Aiming: Sandblast (safe; 1% risk of failure)
Press: ? - help, Shift-Dir - straight line, f/p - death yak
Aim: a death yak (moderately wounded, 95% to hit)
The blast of sand hits the death yak.
The death yak is moderately wounded.
The death yak gores you!!
You die...

#.............##..8.>.8## ##..#
##.......###..###........###...#
##.........##.## #..#.8.#........
........(..#.## #..........####.
.............# #.....##...# ##
............## ##.....###..##
...#........## #......###...##
..###........####.......###...###
..# ##...##...##@...##...##....##
.####...#####..#.Y.####..##.....)
.##.....## ##......####..#......
.....##..# #..##...####....##..
...####..#####.####....#..#####..
..## ##.......## ##.....## #...
..#####..#####..# ##...## #...
........## ##.## ##.## ##..#
.......## #..# ###.# #..##


You could see a death yak.

Vanquished Creatures
  A death yak (D:8)
  An ugly thing (D:8)
  A kobold demonologist (D:8)
  A steam dragon (D:8)
  Menkaure (D:5)
  A water moccasin (D:6)
  2 black bears
  An ice beast (D:7)
  An ogre (D:5)
  2 kobold brigands
  A phantom (D:5)
  Blork the orc (D:5)
  A weeping skull (D:8)
  5 bullfrogs
  3 scorpions
  11 wights
  2 bombardier beetles
  4 hounds
  8 orc priests
  A jelly (D:6)
  3 iguanas (D:5)
  6 orc wizards
  A sleepcap (D:8)
  13 adders
  A white imp (D:7)
  24 orcs
  6 endoplasms
  6 giant cockroaches
  3 goblins
  9 hobgoblins
  6 jackals
  5 quokkas
  8 ball pythons
  4 bats (D:2)
  A frilled lizard (D:2)
  13 kobolds
  7 rats
  A spectral orc (D:8)
166 creatures vanquished.

Notes
Turn   | Place    | Note
-------+----------+-------------------------------------------
     0 | D:1      | Descartes the Formicid Earth Elementalist began the quest
                  | for the Orb.
     0 | D:1      | Reached XP level 1. HP: 13/13 MP: 3/3
   210 | D:1      | Reached XP level 2. HP: 15/19 MP: 5/5
   390 | D:1      | Reached skill level 4 in Earth Magic
  1065 | D:2      | Reached XP level 3. HP: 20/24 MP: 2/7
  1246 | D:2      | Reached XP level 4. HP: 30/30 MP: 7/9
  1419 | D:2      | Reached skill level 5 in Earth Magic
  1726 | D:3      | Reached XP level 5. HP: 35/35 MP: 6/10
  1937 | D:3      | Found a snail-covered altar of Cheibriados.
  2187 | D:3      | Reached XP level 6. HP: 41/41 MP: 8/12
  2283 | D:3      | Reached skill level 6 in Earth Magic
  2352 | D:3      | Found a faded altar of an unknown god.
  2381 | D:3      | Learned a level 3 spell: Stone Arrow
  2657 | D:4      | Found a hide-covered altar of Uskayaw.
  3283 | D:4      | Found a sparkling altar of Nemelex Xobeh.
  3338 | D:4      | Reached skill level 5 in Spellcasting
  3342 | D:4      | Reached skill level 7 in Earth Magic
  3342 | D:4      | Reached XP level 7. HP: 28/46 MP: 7/14
  3564 | D:5      | Entered Level 5 of the Dungeon
  3605 | D:5      | Noticed Blork the orc
  3611 | D:5      | Killed Blork the orc
  3612 | D:5      | Reached skill level 8 in Earth Magic
  3913 | D:5      | Reached skill level 9 in Earth Magic
  3946 | D:5      | Noticed Menkaure
  3950 | D:5      | Killed Menkaure
  3951 | D:5      | Reached XP level 8. HP: 52/52 MP: 10/15
  4215 | D:5      | Reached skill level 10 in Earth Magic
  4534 | D:5      | Reached skill level 11 in Earth Magic
  4825 | D:6      | Reached XP level 9. HP: 33/56 MP: 6/16
  4936 | D:6      | Reached skill level 12 in Earth Magic
  4958 | D:6      | Found Zinusm's Antique Armour Boutique.
  5020 | D:6      | Found Lifec's Magic Scroll Emporium.
  5504 | D:7      | Reached skill level 13 in Earth Magic
  5814 | D:7      | Found a staircase to the Ecumenical Temple.
  5824 | Temple   | Entered the Ecumenical Temple
  6901 | D:8      | Found a basalt altar of Yredelemnul.
  7008 | D:8      | Reached skill level 14 in Earth Magic
  7236 | D:8      | Noticed a green ugly thing
  7248 | D:8      | Killed a green ugly thing
  7249 | D:8      | Reached skill level 15 in Earth Magic
  7249 | D:8      | Reached XP level 10. HP: 25/63 MP: 11/17
  7430 | D:8      | Noticed a kobold demonologist
  7445 | D:8      | Killed a kobold demonologist
  7707 | D:8      | Found a shimmering blue altar of Sif Muna.
  7788 | D:8      | Found Nil Uwn's Tiny Tomes.
  7823 | D:8      | Reached skill level 16 in Earth Magic
  7910 | D:8      | Noticed a death yak
  7916 | D:8      | Killed a death yak
  8031 | D:8      | Found a staircase to the Lair.
  8032 | D:8      | Noticed a death yak
  8032 | D:8      | Noticed a death yak
  8101 | D:7      | Mangled by a death yak

Illustrated notes

Levels and vault maps discovered:
D:1:      lemuel_arrival_behind_the_door_large, layout_basic
D:2:      layout_rooms
D:3:      layout_rooms, nicolae_overflow_crystal_walls,
          shapermc_ecumenical_altar_pompeii
D:4:      minmay_skewed_foursquare, layout_basic, nemelex_altar_shiori,
          mainiacjoe_overflow_concentric_impassable
D:5:      layout_loops_cross, uniq_menkaure, uniq_blork_the_orc
D:6:      layout_rooms, serial_shops, shop_fountains, shop,
          serial_library_hellmonk_statue_hall, chequers_hall_statues_y
D:7:      layout_layer_cave, minmay_temple_entry_statues_pillars
D:8:      layout_loops_corners, mainiacjoe_overflow_boulevard,
          yredelemnul_forgotten_temple_becter, dpeg_lair_monsters,
          serial_bayou_pond_c, nicolae_shop_i_like_small_books_too,
          moated_statue, minmay_manual_mullet
Temple:   hellmonk_temple_flake

Skill      XL: |  1  2  3  4  5  6  7  8  9 10 |
---------------+-------------------------------+-----
Earth Magic    | 4 5 7 9 11 15 16 | 16.5
Spellcasting   | 3 4 5 |  5.0
Dodging        | |  1.7
Stealth        | |  2.4
Conjurations   | |  0.8

Action                     |  1- 3 |  4- 6 |  7- 9 | 10-12 || total
---------------------------+-------+-------+-------+-------++-------
  Melee: Dagger            |    27 |       |       |       ||    27
         Unarmed           |     4 |       |       |       ||     4
         Whip              |    23 |    17 |    21 |       ||    61
         Punch             |       |       |     1 |       ||     1
   Cast: Sandblast         |    23 |    89 |   129 |    44 ||   285
Ability: Dig               |       |       |     1 |     1 ||     2
  Evoke: Wand              |       |       |       |     2 ||     2
    Use: Potion            |       |       |       |     1 ||     1
 Armour: Scale mail        |    39 |    42 |    46 |    29 ||   156
  Dodge: Dodged            |    44 |    17 |    45 |    15 ||   121

Table legend: (Time is in decaauts)
 A = Elapsed time spent in this place.
 B = Non-inter-level travel time spent in this place.
 C = Inter-level travel time spent in this place.
 D = Time resting spent in this place.
 E = Time spent auto-exploring this place.
 F = Levels seen in this place.
 G = Mean time per level.
                   A        B        C        D        E       F      G
               +--------+--------+--------+--------+--------+-----+--------+
         Total |   8264 |   8060 |    204 |      0 |   6959 |   9 |  918.2 |
       Dungeon |   8262 |   8058 |    204 |      0 |   6959 |   8 | 1032.8 |
        Temple |      1 |      1 |      0 |      0 |      0 |   1 |    1.0 |
               +--------+--------+--------+--------+--------+-----+--------+

Top non-repeatable levels by time:
     D:7: 1559 daAuts
     D:8: 1302 daAuts
     D:5: 1134 daAuts
     D:1: 1006 daAuts
     D:4: 989 daAuts
     D:3: 980 daAuts
     D:2: 648 daAuts
     D:6: 643 daAuts
  Temple: 1 daAuts
